 Dungeon Crawl Stone Soup version 0.28.0-43-g3370ac3207 (webtiles) character file.

Game seed: 18204410006183231946

7 demenzo the Scratcher (level 1, 0/10 HPs)
             Began as a Felid Cinder Acolyte on Mar 30, 2022.
             Was a High Priest of Ignis.
             Slain by a hobgoblin (4 damage)
             ... on level 1 of the Dungeon.
             The game lasted 00:01:17 (433 turns).

demenzo the Scratcher (Felid Cinder Acolyte)         Turns: 433, Time: 00:01:18

Health: 0/10       AC:  1    Str: 10    XL:     1   Next: 91%
Magic:  3/3        EV: 15    Int: 15    God:    Ignis [*****.]
Gold:   0          SH:  0    Dex: 11    Spells: 2/2 levels left
                                        Lives:  0   Deaths: 0

rFire   + . .      SeeInvis +     - Unarmed
rCold   . . .      Faith    .   (shield unavailable)
rNeg    . . .      Spirit   .   (armour unavailable)
rPois   .          Reflect  .   (helmet unavailable)
rElec   .          Harm     .   (cloak unavailable)
rCorr   .          Rampage  .   (gloves unavailable)
Will    .....                   (boots unavailable)
Stlth   +.........              (no amulet)
HPRegen 0.03/turn               (no ring)
MPRegen 0.08/turn               (no ring)

@: quick
A: very small, claws 1, fangs 3, see invisible, speed 1, shaggy fur 1, stealthy
paws, no weapons or thrown items, no armour, multi-lived
a: Renounce Religion, Fiery Armour, Foxfire Swarm, Rising Flame


You were on level 1 of the Dungeon.
You worshipped Ignis.
Ignis was extremely pleased with you.
You visited 1 branch of the dungeon, and saw 1 of its levels.

Inventory:

Missiles
 c - 18 stones
Jewellery
 a - an amulet of reflection
 d - a +6 ring of intelligence
Potions
 b - a potion of curing {unknown}


   Skills:
 + Level 3.0 Fighting
 + Level 0.5 Stealth
 * Level 3.1 Unarmed Combat
 + Level 1.1 Spellcasting
 + Level 2.8 Fire Magic


You had 2 spell levels left.
You didn't know any spells.
Your spell library contained the following spells:

 Spells                   Type           Power      Damage    Failure   Level
 Scorch                   Fire           18%        2d5       12%         2


Dungeon Overview and Level Annotations

Branches:
Dungeon (1/15)

Altars:


Innate Abilities, Weirdness & Mutations

You have sharp claws.
You have razor-sharp teeth.
You have supernaturally acute eyesight. (SInv)
You cover ground quickly. (Speed+)
You are covered in fur. (AC +1)
Your paws help you pounce on unaware monsters.
You are incapable of wielding weapons or throwing items.
You cannot wear armour.
You gain extra lives every three experience levels.


Message History

You kill the frilled lizard!
A giant cockroach comes into view.
A hobgoblin comes into view.
The hobgoblin shouts!
The hobgoblin moves out of view.
A giant cockroach is nearby!
There are monsters nearby!
The giant cockroach closely misses you.
You scratch the giant cockroach.
You kill the giant cockroach!
A hobgoblin is nearby!
The hobgoblin misses you.
You scratch the hobgoblin but do no damage.
The hobgoblin closely misses you.
You barely miss the hobgoblin. The hobgoblin closely misses you.
You barely miss the hobgoblin. The hobgoblin hits you.
You scratch the hobgoblin.
The hobgoblin is moderately wounded.
The hobgoblin hits you.
You are too injured to fight recklessly!
A hobgoblin is nearby!
You are too injured to fight recklessly!
A hobgoblin is nearby!
You are too injured to fight recklessly!
A hobgoblin is nearby!
You start resting.
A hobgoblin is nearby!
You barely miss the hobgoblin. You bite the hobgoblin.
The hobgoblin is heavily wounded.
The hobgoblin closely misses you.
You closely miss the hobgoblin.
The hobgoblin is moderately wounded.
The hobgoblin hits you.
Found a tubular emerald ring.
A bat comes into view.
You see here a +6 ring of intelligence.
d - a +6 ring of intelligence The hobgoblin closely misses you.
The hobgoblin hits you.
You die...

##
.....####...##
##..####....##
### #......##
#.......#
.####.....#
...####...#
.....####.#
#...b..g.#
######@..#
#...# #...#
##.## #.# #.#
#.# ..#


You could see a hobgoblin and a bat.

Vanquished Creatures
  A ball python (D:1)
  2 giant cockroaches (D:1)
  2 bats (D:1)
  2 frilled lizards (D:1)
7 creatures vanquished.

Notes
Turn   | Place    | Note
-------+----------+-------------------------------------------
     0 | D:1      | demenzo the Felid Cinder Acolyte began the quest for the
                  | Orb.
     0 | D:1      | Reached XP level 1. HP: 10/10 MP: 3/3
   433 | D:1      | Slain by a hobgoblin

Illustrated notes

Levels and vault maps discovered:
D:1:      eino_arrival_cavern_d, layout_loops_cross,
          shapermc_ecumenical_altar_mp_ritualfount, eino_curves_04, st_stairs_8,
          minmay_misc_feat_x

Action                   || total
-------------------------++-------
Melee: Unarmed           ||    39
       Bite              ||     2
Armor: Skin              ||     3
Dodge: Dodged            ||    31
